 Dungeon Crawl Stone Soup version 0.29.1-12-g30fa7ad0bf (webtiles) character file.

Game seed: 13633483694469325688

3775 suipiss the Summoner (level 9, -16/57 HPs)
             Began as a Demonspawn Summoner on Jan 14, 2023.
             Demolished by a white ugly thing (24 damage)
             ... on level 7 of the Dungeon.
             The game lasted 00:20:53 (10381 turns).

suipiss the Summoner (Demonspawn Summoner)         Turns: 10381, Time: 00:20:53

Health: -16/57     AC:  3    Str:  9    XL:     9   Next: 95%
Magic:  15/20      EV: 20    Int: 20    God:
Gold:   436        SH:  0    Dex: 14    Spells: 13/23 levels left

rFire   . . .      SeeInvis .     - Unarmed
rCold   . . .      Faith    .   (no shield)
rNeg    . . .      Spirit   .   i - +0 leather armour {rPois}
rPois   +          Reflect  .   (helmet restricted)
rElec   .          Harm     .   (no cloak)
rCorr   .          Rampage  .   (no gloves)
Will    .....                   (no boots)
Stlth   ++........              (no amulet)
HPRegen 0.19/turn               g - +4 ring of evasion
MPRegen 0.17/turn               y - +4 ring of evasion

@: about to teleport
A: antennae 1, claws 2, foul stench 1, spiny 1
a: no special abilities


You were on level 7 of the Dungeon.
You visited 2 branches of the dungeon, and saw 8 of its levels.
You also visited: Sewer.

You collected 436 gold pieces.

Inventory:

Armour
 a - a +0 robe
 i - a +0 leather armour of poison resistance (worn)
 j - a +0 buckler
 m - a +0 helmet
Jewellery
 g - a +4 ring of evasion (left claw)
 w - a ring of magical power
 y - a +4 ring of evasion (right claw)
Wands
 p - a wand of polymorph (7)
 x - a wand of flame (34)
 A - a wand of mindburst (4)
 B - a wand of charming (11)
Scrolls
 d - 3 scrolls of fear
 f - 3 scrolls of teleportation
 h - a scroll of identify
 q - 2 scrolls of fog
 s - a scroll of amnesia
Potions
 b - a potion of magic
 c - a potion of flight {unknown}
 e - 2 potions of brilliance
 n - a potion of invisibility
 o - 5 potions of cancellation
 u - a potion of haste {unknown}
 v - a potion of ambrosia {unknown}
 z - a potion of might {unknown}
 C - a potion of mutation {unknown}


   Skills:
 - Level 2.0 Armour
 - Level 3.0 Dodging
 - Level 1.7 Stealth
 - Level 4.0 Unarmed Combat
 * Level 7.8 Spellcasting
 * Level 9.2 Summonings
 - Level 1.1 Necromancy
 + Level 4.9 Transmutations


You had 13 spell levels left.
You knew the following spells:

 Your Spells              Type           Power      Damage    Failure   Level
a - Summon Small Mammal   Summ           100%       N/A       1%          1
b - Call Imp              Summ           45%        N/A       1%          2
c - Summon Guardian Gole  Hex/Summ       26%        N/A       5%          3
d - Summon Lightning Spi  Summ/Air       26%        N/A       17%         4

Your spell library contained the following spells:

 Spells                   Type           Power      Damage    Failure   Level
 Call Canine Familiar     Summ           45%        N/A       1%          3
 Corpse Rot               Necr/Pois/Air  9%         N/A       69%         4
 Death Channel            Necr           6%         N/A       100%        6
 Storm Form               Tmut/Air       8%         N/A       100%        7
 Borgnjor's Revivificati  Necr           6%         N/A       100%        8
 Disjunction              Tloc           3%         N/A       100%        8
 Maxwell's Capacitive Co  Air            3%         ∞         100%        8
 Necromutation            Tmut/Necr      9%         N/A       100%        8
 Death's Door             Necr           6%         N/A       100%        9


Dungeon Overview and Level Annotations

Branches:
Dungeon (7/15)             Temple (1/1) D:7           Sewer (visited)

Altars:
Ashenzari
Cheibriados
Dithmenos
Gozag
Hepliaklqana
Kikubaaqudgha
Makhleb
Nemelex Xobeh
Okawaru
Qazlal
Trog
Uskayaw
Wu Jian
Xom
Yredelemnul

Shops:
D:2 !   D:7 :

Annotations:
Temple 4 transporters


Innate Abilities, Weirdness & Mutations

You have a pair of small antennae on your head.
You have very sharp fingernails.
You may rarely emit foul miasma when damaged in melee.
You are partially covered in sharp spines.


Message History

Unknown command.
Your centaur wields a +3 shortbow.
Your centaur shoots an arrow.
The arrow hits the two-headed ogre!
Your centaur shoots an arrow.
The arrow hits the two-headed ogre!
Your bullfrog barely misses the two-headed ogre.
What are your orders? t - Shout!
Orders for allies: a - Attack new target. r - Retreat! s - Stop attacking. g - Guard the area. f - Follow me.
Anything else - Cancel.
Okay, then.
Your bullfrog hits the two-headed ogre.
Your centaur shoots an arrow.
The arrow hits the two-headed ogre!
The two-headed ogre hits your bullfrog with a +0 great mace!!
Your bullfrog dies!
Your bullfrog's corpse dissolves into shadows!
The air fills with toxic fumes!
As you read the scroll of poison, it crumbles to dust.
Your centaur shoots an arrow.
The arrow hits the two-headed ogre.
Your centaur shoots an arrow.
The arrow hits the two-headed ogre!
The two-headed ogre dies!
Your Summonings skill increases to level 9!
The white ugly thing is engulfed in poison gas.
The white ugly thing is poisoned.
As you read the scroll of teleportation, it crumbles to dust.
You feel strangely unstable.
The white ugly thing is engulfed in poison gas.
The white ugly thing looks even sicker.
You feel better.
Your centaur shoots an arrow.
The arrow hits the white ugly thing!
Your crimson imp blinks!
The white ugly thing is engulfed in poison gas.
The white ugly thing looks even sicker.
Your centaur shoots an arrow.
The arrow hits the white ugly thing!
The white ugly thing attacks as you move away!
The white ugly thing claws you!
* * * LOW HITPOINT WARNING * * *
The white ugly thing freezes you!!
You die...

### #§# ##§####### #######
#§§§§☼§§§# #......
####§§§§§§§☼# ###......
#☼§§§§@u§☼§☼# #........
#☼☼§§§§§§§§####........
#######§§§§§5☼c§K.9§.K.9.....
#....☼§§☼☼§§§§§§☼§§§8...u....
#.##.§§☼§§§§§#############...
#....§§☼§§§§☼# ♣♣...5
###..§§####§§# ♣..P..
########☼[..§§§# .......~.
#......[)[.....# ♣♣♣♣...P.


You could see a white ugly thing (very poisoned, ally target), a kobold brigand
(ally target), a friendly guardian golem (summoned), a friendly centaur
(summoned, sheltered) and a friendly crimson imp (summoned, sheltered).

Vanquished Creatures
  A wyvern (D:7)
  A steam dragon (D:7)
  A water moccasin (D:6)
  2 orc warriors (D:7)
  2 black bears
  A sky beast (D:7)
  A phantom (D:7)
  3 kobold brigands (Sewer)
  4 necrophages
  2 bullfrogs (D:7)
  3 scorpions
  3 wights (D:7)
  A howler monkey (D:7)
  A hound (D:6)
  2 jellies
  2 iguanas
  Ijyb (D:5)
  Natasha (D:3)
  4 river rats
  8 adders
  A shadow imp (D:7)
  2 white imps (D:6)
  2 ufetubi
  2 worms (Sewer)
  A dart slug (D:3)
  17 orcs
  5 endoplasms
  4 giant cockroaches
  7 goblins
  3 hobgoblins
  A jackal (D:2)
  2 quokkas
  7 ball pythons
  4 bats
  A frilled lizard (D:2)
  6 kobolds
  6 rats
115 creatures vanquished.

Vanquished Creatures (collateral kills)
  A two-headed ogre (D:7)
  A water moccasin (D:7)
  A sky beast (D:6)
  An ogre (D:6)
  Blork the orc (D:4)
  2 kobold brigands (Sewer)
  2 scorpions
  An orc priest (D:7)
  Jessica (D:3)
  An iguana (D:5)
  Natasha (twice) (D:3)
  2 gnolls (D:4)
  3 adders
  A river rat (Sewer)
  3 worms
  3 endoplasms
  A goblin (D:1)
  A hobgoblin (D:2)
  2 jackals (D:2)
  3 kobolds
  A quokka (D:3)
  2 frilled lizards
  A rat (D:3)
37 creatures vanquished.

Vanquished Creatures (others)
  An ogre (D:4)
  A gnoll (D:4)
  An endoplasm (D:4)
  18 plants
21 creatures vanquished.

Grand Total: 173 creatures vanquished

Notes
Turn   | Place    | Note
-------+----------+-------------------------------------------
     0 | D:1      | suipiss the Demonspawn Summoner began the quest for the
                  | Orb.
     0 | D:1      | Reached XP level 1. HP: 13/13 MP: 3/3
   726 | D:1      | Discovered your monstrous ancestry.
   726 | D:1      | Gained mutation: You have sharp fingernails. [demonic
                  | ancestry]
   726 | D:1      | Reached XP level 2. HP: 19/19 MP: 5/5
   904 | D:1      | Learned a level 2 spell: Call Imp
  1557 | D:2      | Reached XP level 3. HP: 21/24 MP: 4/7
  2030 | D:2      | Reached skill level 1 in Necromancy
  2372 | D:2      | Found Doweon's Distillery.
  2507 | D:3      | Learned a level 3 spell: Summon Guardian Golem
  2822 | D:3      | Noticed Jessica
  2844 | D:3      | Killed Jessica
  2845 | D:3      | Gained mutation: You are partially covered in sharp spines.
                  | [demonic ancestry]
  2845 | D:3      | Reached XP level 4. HP: 30/30 MP: 3/8
  2905 | D:3      | Noticed Natasha
  2918 | D:3      | Killed Natasha
  3452 | D:3      | Noticed Natasha
  3459 | D:3      | Killed Natasha
  3460 | D:3      | Gained mutation: You may rarely emit foul miasma when
                  | damaged in melee. [demonic ancestry]
  3460 | D:3      | Reached XP level 5. HP: 21/35 MP: 4/9
  3998 | D:3      | Noticed Natasha
  4010 | D:3      | Killed Natasha
  4127 | D:4      | Noticed Blork the orc
  4135 | D:4      | Killed Blork the orc
  4136 | D:4      | Reached skill level 1 in Armour
  4136 | D:4      | Reached skill level 1 in Unarmed Combat
  4136 | D:4      | Reached skill level 5 in Summonings
  4136 | D:4      | Reached skill level 1 in Transmutations
  4311 | D:4      | Reached XP level 6. HP: 33/41 MP: 3/11
  4412 | D:4      | Found an opulent altar of Gozag.
  4968 | D:4      | Got the Catalogue of the Grave and Shifting
  4997 | D:4      | Gained mutation: You have very sharp fingernails. [demonic
                  | ancestry]
  4997 | D:4      | Reached XP level 7. HP: 39/46 MP: 10/13
  5630 | D:4      | Found an ornate altar of the Wu Jian Council.
  5763 | D:5      | Entered Level 5 of the Dungeon
  5824 | D:5      | Reached skill level 6 in Summonings
  5877 | D:5      | Found a stormy altar of Qazlal.
  6471 | D:5      | Noticed Ijyb
  6480 | D:5      | Killed Ijyb
  6635 | D:6      | Reached skill level 5 in Spellcasting
  6635 | D:6      | Reached XP level 8. HP: 31/52 MP: 15/15
  6894 | D:6      | Found a glowing drain.
  6979 | Sewer    | Entered a sewer
  7187 | Sewer    | Reached skill level 7 in Summonings
  8102 | D:6      | Gained mutation: You have a pair of small antennae on your
                  | head. [demonic ancestry]
  8102 | D:6      | Reached XP level 9. HP: 25/57 MP: 18/18
  8370 | D:6      | Found a hazy altar of Hepliaklqana.
  8797 | D:7      | Found Quzoec's Tremendous Tomes.
  8872 | D:7      | Reached skill level 8 in Summonings
  9101 | D:7      | Found a staircase to the Ecumenical Temple.
  9115 | Temple   | Entered the Ecumenical Temple
  9115 | Temple   | Found a transporter.
  9115 | Temple   | Found a transporter.
  9117 | Temple   | Found a transporter.
  9117 | Temple   | Found a transporter.
  9805 | D:7      | Noticed a white ugly thing
  9806 | D:7      | Noticed a two-headed ogre
 10199 | D:7      | Learned a level 4 spell: Summon Lightning Spire
 10377 | D:7      | Killed a two-headed ogre
 10378 | D:7      | Reached skill level 9 in Summonings
 10381 | D:7      | Demolished by a white ugly thing

Illustrated notes

Levels and vault maps discovered:
D:1:      dpeg_arrival_fog, layout_loops_ring
D:2:      layout_loops_ring, serial_shops, shop
D:3:      layout_loops_ring, minmay_randomly_rotated_circles, uniq_natasha,
          uniq_jessica
D:4:      layout_basic, nicolae_wu_jian_glorious_leap,
          overflow_temple_1_default, grunt_decor_clamped, serial_bayou_pond_c,
          minmay_vboxes, uniq_blork_the_orc
D:5:      layout_loops_ring, grunt_qazlal_sundering, uniq_ijyb
D:6:      layout_rooms, nicolae_hepliaklqana_hazy_memory, portal_sewer_entry_a,
          minmay_misc_feat_more_columns
D:7:      nzn_winding_woodlands_medium [nzn_winding_woodlands_5x5_cross,
          nzn_winding_woodlands_5x15_parted, nzn_winding_woodlands_hourglass,
          nzn_winding_woodlands_5x5_three,
          nzn_winding_woodlands_center_pierced_h,
          nzn_winding_woodlands_5x5_perimeter,
          nzn_winding_woodlands_5x5_checkerboard,
          nzn_winding_woodlands_5x15_garden,
          nzn_winding_woodlands_5x5_open_star], layout_basic,
          minmay_temple_entry_tees, enter_bailey_8,
          nicolae_shop_i_like_big_books
Temple:   hellmonk_temple_divided_pantheon

Skill      XL: |  1  2  3  4  5  6  7  8  9 |
---------------+----------------------------+-----
Necromancy     | 1 |  1.1
Spellcasting   | 3 4 5 6 7 |  7.8
Dodging        | 2 3 |  3.0
Armour         | 1 2 |  2.0
Unarmed Combat | 1 2 3 4 |  4.0
Summonings     | 5 6 7 9 |  9.2
Transmutations | 1 2 3 4 |  4.9
Stealth        | |  1.7

Action                   |  1- 3 |  4- 6 |  7- 9 || total
-------------------------+-------+-------+-------++-------
Melee: Whip              |   143 |       |       ||   143
       Unarmed           |    20 |    68 |   276 ||   364
       Punch             |     1 |     3 |    11 ||    15
 Cast: Summon Small Mamm |     9 |     3 |     7 ||    19
       Call Imp          |     7 |    19 |    39 ||    65
       Summon Guardian G |       |     4 |     3 ||     7
       Summon Lightning  |       |       |     1 ||     1
Evoke: Wand              |       |       |     6 ||     6
  Use: Scroll            |     6 |     2 |    14 ||    22
       Potion            |       |     2 |     6 ||     8
 Stab: Distracted        |     2 |       |     2 ||     4
       Sleeping          |     1 |     1 |     7 ||     9
Armor: Robe              |    19 |       |       ||    19
       Leather armour    |    32 |    11 |    22 ||    65
Dodge: Dodged            |    99 |    64 |   233 ||   396
Block: Buckler           |    18 |       |       ||    18
